 Dungeon Crawl Stone Soup version 0.30-a0-859-gf88a04b62d (webtiles) character file.

Game seed: 6009188616485349060

14210 fozzywoppz the Grappler (level 12, 0/77 HPs)
             Began as a Gargoyle Fighter on Mar 5, 2023.
             Was a Follower of Makhleb.
             Slain by a wolf (3 damage)
             ... on level 2 of the Lair of Beasts on Mar 6, 2023.
             The game lasted 00:31:19 (11681 turns).

fozzywoppz the Grappler (Gargoyle Fighter)         Turns: 11681, Time: 00:31:19

Health: 0/77       AC: 23    Str: 26    XL:     12   Next: 14%
Magic:  17/17      EV:  9    Int: 12    God:    Makhleb [*.....]
Gold:   815        SH: 13    Dex: 17    Spells: 11/11 levels left

rFire   + . .      SeeInvis .      - Unarmed
rCold   . . .      Faith    .    f - +1 kite shield
rNeg    + + +      Spirit   .    y - +2 leather armour {rF+}
rPois   ∞          Reflect  .    v - +2 helmet
rElec   +          Rampage  .    F - +0 cloak
rCorr   .                        r - +2 pair of gloves of Vefiyra {rPois MP-9 Int+6}
Will    .....                    N - +0 pair of boots
Stlth   +++                      w - amulet of the acrobat
HPRegen 0.32/turn                d - +6 ring of strength
MPRegen 0.15/turn                p - ring "Rappeg" {rN+++ MP+9 Int-4 Dex+4}

@: on berserk cooldown, slowed, invisible, very slow
A: sickness immunity, AC +8, negative energy resistance 1, electricity
resistance, torment resistance 1, petrification resistance
a: Renounce Religion


You were on level 2 of the Lair of Beasts.
You worshipped Makhleb.
Makhleb was aware of your devotion.
You visited 3 branches of the dungeon, and saw 15 of its levels.

You collected 815 gold pieces.

Inventory:

Hand Weapons
 R - the +6 rapier of Uncomfortable Rashes {flame, rF++}
   (You found it on level 1 of the Lair of Beasts)

   rF:        It greatly protects you from fire.
Missiles
 t - 15 poisoned darts
 z - 8 boomerangs
 L - 2 throwing nets
 O - 12 curare-tipped darts
 S - 3 silver javelins (quivered)
Armour
 f - a +1 kite shield (worn)
 r - the +2 pair of gloves of Vefiyra (worn) {rPois MP-9 Int+6}
   (You found it on level 3 of the Dungeon)

   Int:       It affects your intelligence (+6).
   rPois:     It protects you from poison.
   MP:        It affects your magic capacity (-9).
 v - a +2 helmet (worn)
 y - a +2 leather armour of fire resistance (worn)
 F - a +0 cloak (worn)
 N - a +0 pair of boots (worn)
Jewellery
 b - a +6 ring of dexterity
 d - a +6 ring of strength (left hand)
 h - a ring of resist corrosion
 p - the ring "Rappeg" (right hand) {rN+++ MP+9 Int-4 Dex+4}
   (You found it on level 2 of the Dungeon)

   [ring of magical power]

   Int:       It affects your intelligence (-4).
   Dex:       It affects your dexterity (+4).
   rN:        It renders you almost immune to negative energy.
   MP:        It affects your magic capacity (+9).
 w - an amulet of the acrobat (around neck)
 B - a ring of wizardry
 G - a +6 ring of strength
 P - a ring of flight
 Q - a ring of protection from fire
Wands
 k - a wand of roots (9)
 s - a wand of digging (5)
 H - a wand of light (9)
 I - a wand of polymorph (16)
 M - a wand of flame (14)
Scrolls
 c - 5 scrolls of magic mapping
 e - 4 scrolls of noise
 i - 2 scrolls of poison
 j - 4 scrolls of vulnerability
 m - 3 scrolls of teleportation
 C - a scroll of silence
 D - a scroll of amnesia
Potions
 a - a potion of cancellation {unknown}
 g - 3 potions of flight
 l - a potion of mutation
 q - a potion of brilliance {unknown}
 x - 4 potions of curing
 A - 2 potions of might
 E - a potion of resistance
 K - a potion of degeneration {unknown}
 T - a potion of magic {unknown}


   Skills:
 - Level 10.0 Fighting
 - Level 7.0 Armour
 - Level 5.0 Stealth
 - Level 10.0 Shields
 + Level 11.6 Unarmed Combat
 + Level 7.8 Invocations


You had 11 spell levels left.
You didn't know any spells.
Your spell library contained the following spells:

 Spells                   Type           Power      Damage    Failure   Level
 Apportation              Tloc           0%         N/A       63%         1
 Necrotise                Necr           0%         1d4       63%         1
 Summon Small Mammal      Summ           0%         N/A       63%         1
 Blink                    Tloc           0%         N/A       77%         2
 Lesser Beckoning         Tloc           0%         N/A       77%         2
 Momentum Strike          Conj/Tloc      0%         3d8       77%         2


Dungeon Overview and Level Annotations

Branches:
Dungeon (10/15)            Temple (1/1) D:7            Lair (4/5) D:8
  Swamp: Lair:2-3    Shoals: Lair:2-3     Snake: Lair:2-3    Spider: Lair:2-3
  Slime: Lair:4-5       Orc: D:9-12

Altars:
Ashenzari
Cheibriados
Dithmenos
Elyvilon
Fedhas
Gozag
Hepliaklqana
Kikubaaqudgha
Makhleb
Nemelex Xobeh
Okawaru
Qazlal
Ru
Sif Muna
Trog
Uskayaw
Vehumet
Wu Jian
Xom
Yredelemnul
Zin


Innate Abilities, Weirdness & Mutations

You are immune to sickness and miasma.
Your stone body is resilient. (AC +8)
You are immune to poison.
You resist negative energy. (rN+)
You are resistant to electric shocks. (rElec)
You are resistant to unholy torment.
You are immune to petrification.


Message History

The wolf bites you but does no damage. The yak gores you but does no damage.
You completely miss the komodo dragon.
The komodo dragon is lightly wounded.
You are no longer berserk.
You are exhausted.
You feel yourself slow down. You block the wolf's attack.
The wolf barely misses you. The wolf bites you but does no damage.
The komodo dragon completely misses you.
The wolf bites you but does no damage. The wolf bites you.
* * * LOW HITPOINT WARNING * * *
Blink to where?
Press: ? - help, Dir - move target
As you read the scroll of blinking, it crumbles to dust.
The yak looks more healthy.
Throw: 4 javelins (silver)
Press: ? - help, Q - select action, (/) - cycle Shift-Dir - straight line, f - komodo dragon
Aim: a komodo dragon (lightly wounded, 72% to hit)
You throw a silver javelin.
The silver javelin pierces through the komodo dragon.
The komodo dragon is moderately wounded.
You block the wolf's attack.
Okay, then.
The wolf attacks as you move away! The wolf bites you but does no damage.
The wolf barely misses you. You block the wolf's attack.
The wolf completely misses you. The wolf attacks as you move away!
The wolf completely misses you. You block the wolf's attack.
The wolf misses you. The wolf barely misses you.
The wolf attacks as you move away! The wolf closely misses you.
The komodo dragon attacks as you move away!
You block the komodo dragon's attack. The wolf completely misses you.
The wolf barely misses you. The wolf attacks as you move away!
The wolf misses you. You block the wolf's attack. The wolf misses you.
The wolf barely misses you. The komodo dragon bites you!
* * * LOW HITPOINT WARNING * * *
There is a stone staircase leading down here.
Okay, then.
You fade into invisibility!
You block the wolf's attack. The wolf bites you.
You die...

##...........##
#P............#
##..........##
#..........#
#.......(..#
##..........#
#...Yh......#
##.Yhhl.....#
##...@......#
##...........# #.
#............# #.#
.###..........###..###
..............#......##
.................^....##
.......................P
.......................#
.......................#


You could see a komodo dragon (unable to see you), 2 yaks and 3 wolves.

Vanquished Creatures
  A two-headed ogre (D:8)
  Pikel (D:9)
  An ugly thing (D:9)
  An elephant (Lair:3)
  A black mamba (Lair:2)
  A torpor snail (Lair:2)
  5 cane toads
  A rime drake (D:7)
  3 komodo dragons
  A troll (D:7)
  3 polar bears
  4 wyverns
  24 yaks
  A basilisk (Lair:2)
  2 acid dragons
  6 water moccasins
  An orc warrior (D:10)
  4 ice beasts
  4 black bears
  2 ogres
  4 wolves
  3 centaurs
  2 phantoms
  A kobold brigand (D:9)
  4 bullfrogs
  2 scorpions (D:5)
  A wight (D:8)
  7 howler monkeys
  6 orc priests
  11 hounds
  A sleepcap (D:6)
  7 orc wizards
  5 iguanas
  6 adders
  5 gnolls
  2 white imps
  An ufetubus (D:3)
  A worm (D:3)
  4 dart slugs
  20 orcs
  4 bats
  5 endoplasms
  3 giant cockroaches
  4 goblins
  7 hobgoblins
  17 kobolds
  4 quokkas
  9 ball pythons
  2 frilled lizards
  7 rats
222 creatures vanquished.

Vanquished Creatures (others)
  An orc wizard (D:10)
  9 fungi
  19 plants
29 creatures vanquished.

Grand Total: 251 creatures vanquished

Notes
Turn   | Place    | Note
-------+----------+-------------------------------------------
     0 | D:1      | fozzywoppz the Gargoyle Fighter began the quest for the
                  | Orb.
     0 | D:1      | Reached XP level 1. HP: 14/14 MP: 1/1
   209 | D:1      | Reached XP level 2. HP: 19/19 MP: 2/2
   886 | D:2      | Found an ornate altar of the Wu Jian Council.
   892 | D:2      | Reached XP level 3. HP: 23/23 MP: 3/3
  1224 | D:2      | Found a faded altar of an unknown god.
  1261 | D:2      | Identified the ring "Rappeg" {rN+++ MP+9 Int-4 Dex+4}
  1550 | D:3      | Reached XP level 4. HP: 16/29 MP: 4/4
  1555 | D:3      | Identified the +2 pair of gloves of Vefiyra {rPois MP-9
                  | Int+6}
  1718 | D:3      | You fall into a shaft and drop 3 floors!
  1720 | D:6      | Found a shimmering altar of Xom.
  1851 | D:5      | Entered Level 5 of the Dungeon
  1851 | D:5      | Noticed an ice beast
  1857 | D:5      | Noticed a black bear
  1872 | D:5      | Reached skill level 3 in Unarmed Combat
  1872 | D:5      | Reached XP level 5. HP: 27/33 MP: 5/5
  1877 | D:5      | Killed an ice beast
  1878 | D:5      | Reached XP level 6. HP: 26/39 MP: 6/6
  1881 | D:5      | Killed a black bear
  2186 | D:3      | Reached skill level 5 in Armour
  2217 | D:3      | Upgraded the game from 0.30-a0-857-gcaf70739d4 to
                  | 0.30-a0-859-gf88a04b62d
  2322 | D:3      | Reached skill level 5 in Fighting
  2322 | D:3      | Reached skill level 5 in Shields
  2322 | D:3      | Reached skill level 4 in Unarmed Combat
  2428 | D:3      | Reached XP level 7. HP: 44/44 MP: 7/7
  2896 | D:4      | Reached skill level 5 in Unarmed Combat
  2939 | D:4      | Reached skill level 6 in Unarmed Combat
  3109 | D:4      | Found a sparkling altar of Nemelex Xobeh.
  3160 | D:4      | Reached skill level 1 in Stealth
  3160 | D:4      | Reached XP level 8. HP: 37/49 MP: 8/8
  3301 | D:4      | Found a white marble altar of Elyvilon.
  3911 | D:5      | Found a stormy altar of Qazlal.
  4004 | D:5      | Reached skill level 7 in Unarmed Combat
  4997 | D:6      | Reached XP level 9. HP: 51/56 MP: 9/9
  5436 | D:7      | Reached skill level 5 in Stealth
  5539 | D:7      | Noticed a troll
  5574 | D:7      | Killed a troll
  5575 | D:7      | Reached skill level 8 in Unarmed Combat
  6147 | D:7      | Found a staircase to the Ecumenical Temple.
  6170 | Temple   | Entered the Ecumenical Temple
  6444 | Temple   | Became a worshipper of Makhleb the Destroyer
  6507 | D:7      | Found a sacrificial altar of Ru.
  7146 | D:8      | Noticed a polar bear
  7268 | D:8      | Noticed a two-headed ogre
  7313 | D:8      | Reached XP level 10. HP: 47/64 MP: 10/10
  7330 | D:8      | Reached skill level 9 in Unarmed Combat
  7690 | D:8      | Reached skill level 1 in Invocations
  8219 | D:8      | Found a staircase to the Lair.
  8305 | D:8      | Killed a two-headed ogre
  8849 | D:9      | Noticed Pikel
  8850 | D:9      | Noticed a green ugly thing
  8878 | D:9      | Killed a green ugly thing
  8879 | D:9      | Reached XP level 11. HP: 61/71 MP: 13/13
  8879 | D:9      | Killed Pikel
  8880 | D:9      | Reached skill level 10 in Unarmed Combat
  9380 | D:9      | Reached * piety under Makhleb
  9381 | D:9      | Reached skill level 10 in Fighting
  9557 | D:9      | Reached skill level 5 in Invocations
  9817 | D:10     | Entered Level 10 of the Dungeon
  9982 | Lair:1   | Entered Level 1 of the Lair of Beasts
 10290 | Lair:1   | Identified the +6 rapier of Uncomfortable Rashes {flame,
                  | rF++}
 11044 | Lair:2   | Reached skill level 11 in Unarmed Combat
 11131 | Lair:2   | You fall into a shaft and drop 2 floors!
 11137 | Lair:4   | Noticed a skyshark
 11228 | Lair:3   | Reached skill level 10 in Shields
 11251 | Lair:3   | Reached XP level 12. HP: 45/77 MP: 17/17
 11680 | Lair:2   | HP: 3/77 [komodo dragon (11)]
 11681 | Lair:2   | Slain by a wolf

Illustrated notes

Levels and vault maps discovered:
D:1:      minmay_arrival_floating_metal, layout_rooms
D:2:      layout_basic, basic_ecumenical_altar, basic_altar
D:3:      layout_basic, nrook_mini_vaults
D:4:      layout_loops_ring, amcnicky_altar_gilded, nemelex_dance_club_becter,
          dreamdust_wishing_well, kennysheep_potato
D:5:      layout_loops_ring, nicolae_qazlal_general_emergency,
          minmay_strange_pillars, grunt_tough_drop
D:6:      layout_loops_ring, xom_teletrap_fun, serial_rivers,
          chequers_serial_rivers_micro_d, chequers_serial_rivers_micro_e,
          chequers_serial_rivers_large_a, chequers_serial_rivers_micro_e,
          chequers_serial_rivers_large_b, chequers_serial_rivers_micro_c
D:7:      layout_basic, nicolae_ru_the_path_less_chosen,
          minmay_temple_entry_mini_moons
D:8:      layout_loops_ring, hellmonk_lair_entry_icy, minmay_fractal_squares_5
D:9:      layout_irregular_city, nicolae_lava_and_water, uniq_pikel
D:10:     layout_irregular_city, kennysheep_mini_moat, uniq_harold
Temple:   nicolae_temple_elliptical
Lair:1:   layout_loops_ring, grunt_megastairs_5
Lair:2:   layout_gridlike, serial_bayou_shore_a
Lair:3:   layout_long_grid, shoals_dummy_entry, dummy_spider_entry,
          infiniplex_staircase_pool_2
Lair:4:   layout_regular_city, dpeg_slime_entry_corner, minmay_holes,
          eino_small_chamber_without_monster, disabler_island

Skill      XL: |  1  2  3  4  5  6  7  8  9 10 11 |
---------------+----------------------------------+-----
Armour         | 4 5 6 7 |  7.0
Fighting       | 4 5 6 8 9 10 | 10.0
Shields        | 4 5 6 8 10 | 10.0
Unarmed Combat | 3 4 6 7 8 9 11 | 11.6
Stealth        | 1 4 5 |  5.0
Invocations    | 3 7 |  7.8

Action                     |  1- 3 |  4- 6 |  7- 9 | 10-12 || total
---------------------------+-------+-------+-------+-------++-------
  Melee: Unarmed           |   163 |   156 |   426 |   505 ||  1250
         Punch             |     2 |       |       |       ||     2
  Throw: Javelin           |       |       |       |     2 ||     2
  Evoke: Wand              |       |       |     2 |     2 ||     4
    Use: Scroll            |     1 |     1 |    11 |    13 ||    26
         Potion            |       |     2 |     1 |     4 ||     7
   Stab: Sleeping          |       |       |     3 |     4 ||     7
 Armour: Scale mail        |    84 |   100 |    94 |       ||   278
         Leather armour    |       |       |    69 |   227 ||   296
  Dodge: Dodged            |    78 |    64 |   143 |   210 ||   495
  Block: Buckler           |     1 |       |       |       ||     1
         Kite shield       |       |    80 |   161 |   332 ||   573

Table legend: (Time is in decaauts)
 A = Elapsed time spent in this place.
 B = Non-inter-level travel time spent in this place.
 C = Inter-level travel time spent in this place.
 D = Time resting spent in this place.
 E = Time spent auto-exploring this place.
 F = Levels seen in this place.
 G = Mean time per level.
                   A        B        C        D        E       F      G
               +--------+--------+--------+--------+--------+-----+--------+
         Total |  11746 |  11344 |    402 |    739 |   6978 |  15 |  783.1 |
       Dungeon |   9766 |   9423 |    343 |    566 |   6107 |  10 |  976.6 |
        Temple |    284 |    275 |      9 |      0 |     82 |   1 |  284.0 |
          Lair |   1695 |   1645 |     50 |    173 |    789 |   4 |  423.8 |
               +--------+--------+--------+--------+--------+-----+--------+

Top non-repeatable levels by time:
     D:8: 1741 daAuts
     D:9: 1236 daAuts
     D:7: 1232 daAuts
     D:4: 1090 daAuts
     D:6: 1003 daAuts
     D:3: 960 daAuts
     D:5: 955 daAuts
  Lair:1: 915 daAuts
     D:2: 804 daAuts
     D:1: 699 daAuts
  Lair:2: 374 daAuts
  Lair:3: 350 daAuts
  Temple: 284 daAuts
  Lair:4: 55 daAuts
    D:10: 42 daAuts
